cohdb
Replays
Latest Replays
All Replays
Popular Replays
Top Player Replays
Match Explorer
How It Works
Community
CoH3 Stats
Reddit
Sign in to upload your games and track your stats! →
Sign in with Steam
Match 45844438
Unlisted
Match 45844438
Overview
Messages
Build Orders
End
Scout Squad
Engineer Squad
Construct Weapon Support Center
M1919 Machine Gun Team
M1919 Machine Gun Team
Construct Medical Station
Selects Heavy Weapons
Infantry Support Center
Bazooka Squad
M3 Armored Personnel Carrier
Selects Assault Carriers
Captain Retinue
Construct Motor Pool
Engineer Squad
M8 Greyhound Armored Car
M1 Anti-tank Gun Team
Liberator4515
Armistice
0
0
Comments
sign in to comment!
No comments posted yet!